 Dungeon Crawl Stone Soup version 0.16-a0-3338-g714714c (webtiles) character file.

7196 Gorice the Severer (level 11, 0/80 HPs)
             Began as a Hill Orc Wanderer on Dec 27, 2014.
             Was a Priest of Okawaru.
             Slain by a warg (12 damage)
             ... on level 1 of the Orcish Mines on Dec 28, 2014.
             The game lasted 01:31:28 (13406 turns).

Gorice the Severer (Hill Orc Wanderer)             Turns: 13406, Time: 01:31:29

Health: 0/80       AC: 14    Str: 17    XL:     11   Next: 11%
Magic:  12/14      EV: 12    Int: 13    God:    Okawaru [***...]
Gold:   96         SH:  0    Dex: 11    Spells: 0 memorised, 12 levels left

rFire  . . .     SeeInvis .     f - +2 short sword (flame)
rCold  . . .     Clarity  .     z - +2 scale mail
rNeg   . . .     SustAb   +     (no shield)
rPois  .         Gourm    +     L - +0 helmet
rElec  .         Spirit   .     e - +1 cloak
rCorr  .         Warding  .     k - +2 pair of gloves
rMut   .         Stasis   .     (no boots)
MR     .....                    D - amulet of the gourmand
Stlth  ..........               M - ring of sustain abilities
                                p - +3 ring of evasion

@: heroism, very heavily drained, not resistant to hostile enchantments,
extremely unstealthy
A: no striking features
a: Heroism, Renounce Religion


You were on level 1 of the Orcish Mines.
You worshipped Okawaru.
Okawaru was most pleased with you.
You were very full.

You visited 3 branches of the dungeon, and saw 12 of its levels.
You also visited: Ossuary.

You collected 96 gold pieces.

Inventory:

Hand weapons
 a - a +0 battleaxe of electrocution
 b - a +0 blowgun
 f - a +2 short sword of flaming (weapon)
 t - a +1 scimitar of electrocution
Missiles
 q - a curare-tipped needle
 w - 77 bolts
 x - 73 poisoned needles
 B - 22 tomahawks
 C - 11 bolts of flame
 I - 4 steel tomahawks (quivered)
 K - 9 silver bolts
 Z - 322 stones
Armour
 e - a +1 cloak (worn)
 k - a +2 pair of gloves (worn)
 u - a +0 plate armour
 z - a +2 scale mail (worn)
 L - a +0 helmet (worn)
 T - a +1 scale mail of cold resistance
Jewellery
 p - a +3 ring of evasion (left hand)
 D - an amulet of the gourmand (around neck)
 M - a ring of sustain abilities (right hand)
Magical devices
 F - a wand of polymorph (6)
 O - a wand of slowing (13)
Scrolls
 o - a scroll of magic mapping
 r - a scroll of amnesia
 v - 2 scrolls of enchant armour
 A - a scroll of immolation
Potions
 l - 6 potions of restore abilities
 G - a potion of cancellation {unknown}
 H - a potion of cure mutation
 J - a potion of magic {unknown}
Comestibles
 c - 2 chunks of flesh
 d - 2 meat rations
 h - a royal jelly
 i - 4 bread rations
 s - 6 fruits
 P - a slice of pizza


   Skills:
 - Level 2.5(0.0) Fighting
 * Level 15.8(0.0) Axes
   Level 1.1(0.0) Maces & Flails
 + Level 11.6(0.0) Armour
 - Level 1.0(0.0) Stealth
 - Level 1.0(0.0) Spellcasting
   Level 1.5(0.0) Air Magic
 - Level 1.0(0.0) Evocations


You had 12 spell levels left.
You didn't know any spells.

Dungeon Overview and Level Annotations

Branches:
Dungeon (10/15)            Temple (1/1) D:4             Orc (1/4) D:9
   Lair: D:8-11

Altars:
Ashenzari
Cheibriados
Elyvilon
Fedhas
Gozag
Kikubaaqudgha
Makhleb
Nemelex Xobeh
Okawaru
Qazlal
Ru
Sif Muna
Trog
Vehumet
Xom
Yredelemnul
Zin
The Shining One

Annotations:
D:2 Terence
D:7 vault guarded by ice statue, exclusion: ice statue
D:8 oklob sap guarding fruit, exclusion: 2 oklob saplings
D:9 pUX: insanely powerful ghost!!!!!, Maurice; Miyamura's ghost, experienced DEFE
D:10 Sonja


Message History

You closely miss the warg.
The warg is moderately wounded.
The warg bites you. The warg bites you!
Use which ability? (? or * to list)
You gain the combat prowess of a mighty hero.
You feel slightly less full. The warg bites you!
* * * LOW HITPOINT WARNING * * *
You closely miss the warg.
The warg is moderately wounded.
The warg bites you!
* * * LOW HITPOINT WARNING * * *
You hit the warg but do no damage.
The warg is moderately wounded.
The warg bites you.
* * * LOW HITPOINT WARNING * * *
The warg barely misses you.
You hit the warg. You burn the warg.
The warg is heavily wounded.
The warg bites you!
You die...

......>..#...##.....###
.............##..#.##
.................###
#..................#
...............##.##
#.......$.......###
...........#.....#
.........#..รท(h##
$.#...#.###..##@##
.#.#.....#.......#
...............##
..........#.###
.........### ..........
........## ....#### ...


You could see a warg.

Vanquished Creatures
  Pikel (D:5)
  A hill giant (D:10)
  2 trolls
  The ghost of GlassGo the Insei, an average OpTm (Ossuary)
  2 wyverns (D:9)
  2 hippogriffs
  2 hungry ghosts
  Edmund (D:8)
  An ice beast (D:7)
  A water moccasin (D:10)
  3 black bears
  5 orc warriors
  2 slaves (D:4)
  2 necrophages
  2 centaurs
  4 ogres
  Sigmund (D:4)
  3 wandering mushrooms (D:8)
  A big kobold (D:7)
  4 giant frogs
  Blork the orc (D:8)
  4 water moccasin zombies
  3 scorpions
  7 killer bees
  A quasit (D:8)
  4 crimson imps
  A centaur zombie (D:10)
  2 goliath beetles
  6 iguanas
  3 iron imps (D:9)
  A giant frog skeleton (D:6)
  8 orc priests
  A centaur skeleton (D:8)
  4 hounds
  9 worker ants
  9 orc wizards
  Natasha (twice) (D:3)
  Jessica (D:2)
  A hound skeleton (D:8)
  4 mummies
  A worker ant zombie (D:8)
  10 gnolls
  9 adders
  3 giant mites
  3 shadow imps
  4 worms
  4 adder zombies (Ossuary)
  3 adder skeletons
  6 giant geckos
  An ooze (D:1)
  44 orcs
  10 bats
  A bat skeleton (D:3)
  8 giant cockroaches
  2 gnoll zombies (Ossuary)
  12 goblins
  14 hobgoblins
  9 jackals
  6 quokkas
  3 ball pythons
  3 giant newts
  A giant spore (D:8)
  5 hobgoblin zombies (Ossuary)
  26 kobolds
  6 kobold zombies
  7 orc zombies (Ossuary)
  15 rats
  2 ballistomycetes (D:8)
331 creatures vanquished.

Vanquished Creatures (others)
  Natasha (D:3)
1 creature vanquished.

Grand Total: 332 creatures vanquished

Notes
Turn   | Place    | Note
--------------------------------------------------------------
     0 | D:1      | Gorice, the Hill Orc Wanderer, began the quest for the Orb.
     0 | D:1      | Gorice set off with: a +2 scale mail, the Grimoire of Floating Confrontation, a potion of lignification, a +0 club, a meat ration
     0 | D:1      | Reached XP level 1. HP: 16/16 MP: 2/2
     0 | D:1      | Identified the Grimoire of Floating Confrontation
    82 | D:1      | Reached XP level 2. HP: 7/23 MP: 3/3
   108 | D:1      | Reached skill level 4 in Armour
   503 | D:1      | Reached XP level 3. HP: 28/28 MP: 4/4
   864 | D:2      | Reached skill level 5 in Armour
  1147 | D:2      | Reached XP level 4. HP: 26/35 MP: 5/5
  1544 | D:2      | Noticed Terence
  1730 | D:2      | Noticed Jessica
  1746 | D:2      | Killed Jessica
  1944 | D:2      | Found a stormy altar of Qazlal.
  1945 | D:2      | Found a basalt altar of Yredelemnul.
  2201 | D:3      | Noticed Natasha
  2204 | D:3      | Killed Natasha
  2204 | D:3      | Reached skill level 6 in Armour
  2204 | D:3      | Reached XP level 5. HP: 29/41 MP: 7/7
  2400 | D:3      | Noticed Natasha
  2417 | D:3      | Killed Natasha
  2442 | D:3      | Found a sparkling altar of Nemelex Xobeh.
  2442 | D:3      | Found a shimmering altar of Xom.
  2443 | D:3      | Found a bloodstained altar of Trog.
  2458 | D:3      | Noticed Natasha
  2467 | D:3      | Killed Natasha
  2558 | D:3      | Reached skill level 1 in Axes
  2796 | D:3      | Reached XP level 6. HP: 8/50 MP: 8/8
  3963 | D:4      | Noticed Sigmund
  4054 | D:4      | Killed Sigmund
  4054 | D:4      | Reached skill level 5 in Axes
  4054 | D:4      | Reached XP level 7. HP: 33/56 MP: 9/9
  4326 | D:4      | Found an iron altar of Okawaru.
  4332 | D:4      | Became a worshipper of Warmaster Okawaru
  4552 | D:4      | Reached skill level 7 in Armour
  5176 | D:4      | Found a staircase to the Ecumenical Temple.
  5187 | Temple   | Entered the Ecumenical Temple
  5470 | D:5      | Entered Level 5 of the Dungeon
  5472 | D:5      | Noticed Pikel
  6264 | D:5      | Killed Pikel
  6264 | D:5      | Reached skill level 8 in Axes
  6264 | D:5      | Reached XP level 8. HP: 49/62 MP: 10/10
  6365 | D:5      | Reached skill level 9 in Axes
  6685 | D:6      | Acquired Okawaru's first power
  6748 | D:6      | Found a sacrificial altar of Ru.
  6812 | D:6      | Found a deep blue altar of Sif Muna.
  6840 | D:6      | Reached skill level 10 in Axes
  6931 | D:6      | Reached XP level 9. HP: 34/68 MP: 9/11
  7402 | D:6      | Reached skill level 11 in Axes
  7570 | D:7      | Got a pair of translucent boots
  7576 | D:7      | Identified the cursed +0 pair of boots of Lealoinn {rCorr Str-5} (You found it on level 7 of the Dungeon)
  7824 | D:7      | Noticed an ice statue
  7908 | D:7      | Found a sand-covered staircase.
  7957 | Ossuary  | Entered an ossuary
  8081 | Ossuary  | Noticed GlassGo's ghost (average OpTm)
  8118 | Ossuary  | Killed GlassGo's ghost
  8118 | Ossuary  | Reached skill level 12 in Axes
  8360 | D:7      | Found a white marble altar of Elyvilon.
  9018 | D:8      | Reached skill level 10 in Armour
  9158 | D:8      | Reached skill level 13 in Axes
  9158 | D:8      | Reached XP level 10. HP: 65/74 MP: 13/13
  9271 | D:8      | Noticed a wandering mushroom
  9284 | D:8      | Killed a wandering mushroom
  9286 | D:8      | Noticed Edmund
  9300 | D:8      | Killed Edmund
  9392 | D:8      | Got a warped robe
  9511 | D:8      | Noticed a wandering mushroom
  9564 | D:8      | Noticed a wandering mushroom
  9792 | D:8      | Killed a wandering mushroom
  9831 | D:8      | Killed a wandering mushroom
 10001 | D:8      | Found a blossoming altar of Fedhas.
 10001 | D:8      | Noticed a wandering mushroom
 10001 | D:8      | Noticed Blork the orc
 10025 | D:8      | Killed Blork the orc
 10183 | D:9      | Reached skill level 14 in Axes
 10352 | D:9      | Found a staircase to the Orcish Mines.
 10610 | D:9      | Found a burning altar of Makhleb.
 10704 | D:9      | Noticed Miyamura's ghost (experienced DEFE)
 11161 | D:10     | Entered Level 10 of the Dungeon
 11306 | D:10     | Reached skill level 15 in Axes
 11310 | D:10     | Noticed a hill giant
 11320 | D:10     | Killed a hill giant
 11352 | D:10     | Upgraded the game from 0.16-a0-3326-gb44eaf1 to 0.16-a0-3338-g714714c
 11554 | D:10     | Reached XP level 11. HP: 80/80 MP: 14/14
 11794 | D:10     | Noticed Sonja
 11860 | D:10     | HP: 3/80 [Sonja/uncursed short sword of draining (2)]
 11867 | D:10     | HP: 4/80 [Sonja/uncursed short sword of draining (1)]
 11962 | D:8      | wow Sonia, 100% unhittable, drained me to 0 skill in everything!!!!!
 12266 | D:8      | Identified the +1 robe "Buexoe Zusuch" {Str+4 Int-3} (You found it on level 8 of the Dungeon)
 12766 | D:9      | Noticed Maurice
 13187 | Orc:1    | Entered Level 1 of the Orcish Mines
 13406 | Orc:1    | Slain by a warg

Action                   |  1- 3 |  4- 6 |  7- 9 | 10-12 || total
-------------------------+-------+-------+-------+-------++-------
Melee: Club              |   191 |    66 |       |       ||   257
       Short sword       |       |    78 |       |   172 ||   250
       Hand axe          |       |   205 |   264 |       ||   469
       War axe           |       |       |   142 |       ||   142
       Battleaxe         |       |       |   329 |   294 ||   623
 Fire: Blowgun           |       |       |    11 |    65 ||    76
Throw: Stone             |     3 |    26 |     1 |       ||    30
       Tomahawk          |       |     9 |    17 |    21 ||    47
Invok: Heroism           |       |       |     1 |     8 ||     9
Evoke: Wand              |       |     5 |     3 |     7 ||    15
  Use: Scroll            |       |     8 |    17 |     3 ||    28
       Potion            |       |     3 |     3 |    12 ||    18
  Eat: Chunk             |     1 |     9 |    25 |    24 ||    59
       Pizza             |       |     1 |     1 |       ||     2
       Bread ration      |       |       |     1 |       ||     1
